 Dungeon Crawl Stone Soup version 0.23-a0-151-gf6d1ed2 (webtiles) character file.

58 Amnesiac the Chiller (level 3, 0/24 HPs)
             Began as a Mummy Ice Elementalist on Sept 9, 2018.
             Slain by a bat (1 damage)
             ... on level 3 of the Dungeon.
             The game lasted 00:02:46 (707 turns).

Amnesiac the Chiller (Mummy Ice Elementalist)        Turns: 707, Time: 00:02:47

Health: 0/24       AC:  3    Str: 11    XL:     3   Next: 76%
Magic:  5/8        EV: 12    Int: 15    God:
Gold:   37         SH:  0    Dex: 12    Spells: 5/9 levels left

rFire    x . .     SeeInvis .   (no weapon)
rCold    + . .     Gourm    .   (no shield)
rNeg     + + +     Faith    .   a - +0 robe
rPois    ∞         Spirit   .   (no helmet)
rElec    .         Reflect  .   d - +0 cloak
rCorr    .         Harm     .   (no gloves)
MR       .....                  (no boots)
Stlth    ++........             (no amulet)
HPRegen  0.08/turn              (no ring)
MPRegen  0.11/turn              (no ring)

@: no status effects
A: no food or potions, fire vulnerability, cold resistance 1, negative energy
resistance 3, torment resistance, unbreathing
a: no special abilities


You were on level 3 of the Dungeon.
You were not hungry.

You visited 1 branch of the dungeon, and saw 3 of its levels.

You collected 37 gold pieces.

Inventory:

Armour
 a - a +0 robe (worn)
 d - a +0 cloak (worn)
Scrolls
 b - 2 scrolls of remove curse {!r, unknown}
 c - a scroll of enchant weapon {!r, unknown}
 e - a scroll of identify {!r, unknown}


   Skills:
 - Level 1.5 Dodging
 - Level 1.5 Stealth
 + Level 3.5 Spellcasting
   Level 0.7 Conjurations
 * Level 3.6 Ice Magic


You had 5 spell levels left.
You knew the following spells:

 Your Spells              Type           Power        Failure   Level  Hunger
a - Freeze                Ice            ##..         4%          1    N/A
z - Ozocubu's Armour      Chrm/Ice       #.......     26%         3    N/A

Your spell library contained the following spells:

 Spells                   Type           Power        Failure   Level  Hunger
 Throw Frost              Conj/Ice       #.....       12%         2    N/A
 Throw Icicle             Conj/Ice       #.......     61%         4    N/A
 Summon Ice Beast         Ice/Summ       #.......     65%         4    N/A

Dungeon Overview and Level Annotations

Branches:
Dungeon (3/15)

Altars:


Innate Abilities, Weirdness & Mutations

You do not eat or drink.
Your flesh is vulnerable to fire.
You are immune to poison.
Your flesh is cold resistant. (rC+)
You are immune to negative energy. (rN+++)
You are immune to unholy pain and torment.
You can survive without breathing.


Message History

The bat hits you but does no damage. The bat hits you but does no damage.
The bat barely misses you. The bat closely misses you.
The bat hits you but does no damage. The bat hits you but does no damage.
The bat hits you.
* * * LOW HITPOINT WARNING * * *
There is a stone staircase leading down here.
The bat barely misses you. The bat hits you but does no damage. x2
The giant cockroach waves its antennae.
The bat misses you. The bat hits you but does no damage. The bat hits you.
* * * LOW HITPOINT WARNING * * *
The bat hits you but does no damage. The bat hits you.
* * * LOW HITPOINT WARNING * * *
The bat hits you.
* * * LOW HITPOINT WARNING * * *
The bat closely misses you. x2
The bat hits you but does no damage. The bat barely misses you.
A giant cockroach and a goblin come into view.
The bat closely misses you. x3
Found a ration and a scroll labeled MAUNOFOU LURO.
The goblin shouts!
You hear a shout!
The bat hits you but does no damage. x2
Found a scroll labeled ASHUAM BIEMO.
Okay, then.
The bat barely misses you.
A hobgoblin comes into view. It is wielding a club.
The hobgoblin shouts!
The bat barely misses you. The bat hits you.
* * * LOW HITPOINT WARNING * * *
The bat hits you but does no damage.
Casting: Freeze (safe; 4% risk of failure)
Confirm with . or Enter, or press ? or * to list all spells.
Aiming: Freeze (safe; 4% risk of failure)
Press: ? - help, Shift-Dir - straight line, f - bat
Aim: a bat
Okay, then.
The bat hits you but does no damage. x2; The bat closely misses you.
The bat misses you. The goblin hits you with a club.
* * * LOW HITPOINT WARNING * * *
You see here a ration.
The bat hits you but does no damage. x2
Found 5 gold pieces.
Casting: Freeze (safe; 4% risk of failure)
Confirm with . or Enter, or press ? or * to list all spells.
Aiming: Freeze (safe; 4% risk of failure)
Press: ? - help, Shift-Dir - straight line, f - bat
Aim: a bat You freeze the bat.
The bat is moderately wounded.
The bat hits you but does no damage. The bat closely misses you.
The bat barely misses you.
Unknown command.
The bat misses you.
Casting: Freeze (safe; 4% risk of failure)
Confirm with . or Enter, or press ? or * to list all spells.
Aiming: Freeze (safe; 4% risk of failure)
Press: ? - help, Shift-Dir - straight line, f/p - bat
Aim: a bat (moderately wounded)
You freeze the bat.
The bat is severely wounded.
The bat closely misses you. The bat hits you.
You die...

#...........<.............
#..........#(.............
#.)..>.....#.............
#..........#........##..
####.......#...........
###.....#...........
#.g...#...........
#...b.#..$......# #...###
#@....# #...######bb...#
#.....sg.g.....#
#....g..sgg....#
#..............#
#.........?.....#
............####...
............... ...
................. ..


You could see a gnoll, a giant cockroach, a hobgoblin, a goblin and 2 bats.

Vanquished Creatures
  5 adders
  2 leopard geckos (D:2)
  A giant cockroach (D:1)
  3 goblins
  A ball python (D:2)
  2 frilled lizards (D:2)
  A kobold (D:2)
15 creatures vanquished.

Notes
Turn   | Place    | Note
-------+----------+-------------------------------------------
     0 | D:1      | Amnesiac the Mummy Ice Elementalist began the quest for the
                  | Orb.
     0 | D:1      | Reached XP level 1. HP: 13/13 MP: 4/4
   115 | D:2      | Reached XP level 2. HP: 19/19 MP: 0/5
   309 | D:2      | Reached XP level 3. HP: 19/24 MP: 1/7
   510 | D:2      | Learned a level 3 spell: Ozocubu's Armour
   703 | D:3      | HP: 1/24 [goblin/club (1)]
   707 | D:3      | Slain by a bat

Vault maps used:
D:1:      dpeg_arrival_tiny_i, minmay_misc_feat_diagonals
D:2:      chequers_ecumenical_altar_simple, uniq_jessica
D:3:      serial_glass, glass_columns_a, glass_columns_c, kennysheep_orc_chapel

Skill      XL: |  1  2 |
---------------+-------+-----
Spellcasting   | 3 |  3.5
Ice Magic      | 3 |  3.6
Dodging        | |  1.5
Stealth        | |  1.5
Conjurations   | |  0.7

Action                   || total
-------------------------++-------
Melee: Unarmed           ||     1
 Cast: Freeze            ||    32
Armor: Robe              ||    28
Dodge: Dodged            ||    45

Table legend:
 A = Non-vault XP
 B = Vault XP
 C = Vault XP percentage of total XP
 D = Non-vault monster count
 E = Vault monster count
 F = Vault count percentage of total count
                 A         B        C        D         E       F
            +---------+---------+-------+---------+---------+-------
      Total |      84 |       0 |   0.0 |      15 |       0 |   0.0
            +---------+---------+-------+---------+---------+-------
        D:1 |       4 |       0 |   0.0 |       2 |       0 |   0.0
        D:2 |      67 |       0 |   0.0 |      12 |       0 |   0.0
        D:3 |      13 |       0 |   0.0 |       1 |       0 |   0.0
            +---------+---------+-------+---------+---------+-------
